 Dungeon Crawl Stone Soup version 0.16-a0-4083-g5af668b (webtiles) character file.

4974 wojtek the Slicer (level 10, -4/68 HPs)
             Began as a Kobold Assassin on Feb 22, 2015.
             Was a Believer of Makhleb.
             Slain by Erolcha
             ... wielding a +0 giant club
              (20 damage)
             ... on level 8 of the Dungeon.
             The game lasted 00:27:57 (13140 turns).

wojtek the Slicer (Kobold Assassin)                Turns: 13140, Time: 00:27:57

Health: -4/68      AC:  8    Str: 10    XL:     10   Next: 83%
Magic:  14/14      EV: 24    Int:  9    God:    Makhleb [**....]
Gold:   314        SH:  0    Dex: 21    Spells: 0 memorised, 9 levels left

rFire  . . .     SeeInvis .     a - +1 dagger (venom)
rCold  . . .     Clarity  +     r - +3 leather armour
rNeg   . . .     SustAb   .     (no shield)
rPois  +         Gourm    .     (no helmet)
rElec  .         Spirit   .     d - +0 cloak
rCorr  .         Warding  .     C - +0 pair of gloves
rMut   .         Stasis   .     (no boots)
MR     .....                    m - amulet of clarity
Stlth  ++++......               I - ring of poison resistance
                                n - ring of stealth

@: very slightly contaminated, hasted, very quick, not resistant to hostile
enchantments, stealthy
A: carnivore 3
a: Minor Destruction, Renounce Religion


You were on level 8 of the Dungeon.
You worshipped Makhleb.
Makhleb was pleased with you.
You were very full.

You visited 2 branches of the dungeon, and saw 10 of its levels.

You collected 314 gold pieces.

Inventory:

Hand weapons
 a - a +1 dagger of venom (weapon)
 b - a +0 blowgun
 A - a +2 dagger of speed
 J - a +1 dagger of freezing
 K - a +2 dagger of venom
 O - a +0 short sword of protection
 U - a +1 vampiric dagger
Missiles
 e - 15 poisoned needles
 f - 2 curare-tipped needles {=f}
 q - 2 throwing nets (quivered)
 s - 7 needles of slowing
Armour
 d - a +0 cloak (worn)
 r - a +3 leather armour (worn)
 C - a +0 pair of gloves (worn)
 N - the +4 chain mail of the Pirate {MR- Dex+6}
   (You found it on level 6 of the Dungeon)

   It affects your dexterity (+6).
   It affects your resistance to hostile enchantments.
Jewellery
 m - an amulet of clarity (around neck)
 n - a ring of stealth (left hand)
 v - an uncursed ring of teleportation
 E - an uncursed ring of flight
 I - a ring of poison resistance (right hand)
Magical devices
 c - a wand of frost (0)
 o - a wand of polymorph (6)
 R - a wand of draining (7)
 T - a wand of lightning (8)
 V - a wand of confusion (29)
Scrolls
 j - 5 scrolls of identify
 l - a scroll of random uselessness {unknown}
 p - a scroll of recharging {unknown}
 x - 2 scrolls of teleportation
 y - 3 scrolls of amnesia
 z - 4 scrolls of remove curse
 B - a scroll of fog {unknown}
 F - 2 scrolls of enchant armour {unknown}
 G - 2 scrolls of noise {unknown}
 P - a scroll of immolation {unknown}
 X - a scroll of blinking {unknown}
Potions
 h - a potion of curing
 i - 2 potions of haste
 k - 3 potions of restore abilities
 u - a potion of cancellation
 w - 2 potions of magic
 D - a potion of heal wounds
 H - a potion of degeneration {unknown}
 M - a potion of lignification {unknown}
Books
 L - a book of Clouds

   Spells                             Type                      Level
   a - Mephitic Cloud                 Conjuration/Poison/Air       3
   b - Conjure Flame                  Conjuration/Fire             3
   c - Poisonous Cloud                Conjuration/Poison/Air       6
   d - Freezing Cloud                 Conjuration/Ice/Air          6
   e - Ring of Flames                 Charms/Fire                  7
 Q - a book of Death

   Spells                             Type                      Level
   a - Corpse Rot                     Necromancy                   2
   b - Sublimation of Blood           Necromancy                   2
   c - Agony                          Necromancy                   5
   d - Dispel Undead                  Necromancy                   5
   e - Excruciating Wounds            Charms/Necromancy            5
   f - Bolt of Draining               Conjuration/Necromancy       5
Comestibles
 g - a meat ration
 t - 3 beef jerkies
 S - 7 slices of pizza
 Y - 3 chunks of flesh


   Skills:
 + Level 10.3 Fighting
 + Level 13.8 Short Blades
 - Level 2.6 Throwing
 + Level 10.8 Dodging
 - Level 5.3 Stealth
 + Level 2.8 Invocations


You had 9 spell levels left.
You didn't know any spells.

Dungeon Overview and Level Annotations

Branches:
Dungeon (9/15)             Temple (1/1) D:5            Lair (0/8) D:9
    Orc: D:9-12

Altars:
Ashenzari
Cheibriados
Dithmenos
Elyvilon
Fedhas
Gozag
Kikubaaqudgha
Makhleb
Nemelex Xobeh
Okawaru
Qazlal
Sif Muna
Trog
Vehumet
Xom
Yredelemnul
Zin
The Shining One

Annotations:
D:6 ice beast
D:8 exclusions: crimson imp and two-headed ogre, Erolcha; LordHeini's ghost, experienced MiFi
D:9 Pikel


Innate Abilities, Weirdness & Mutations

You are small and have problems with some larger weapons.
You are carnivorous and can eat meat at any time.


Message History

Erolcha is severely wounded.
Erolcha hits you with a giant club!
* * * LOW HITPOINT WARNING * * *
You hit Erolcha.
Erolcha is severely wounded.
You hit Erolcha but do no damage.
Erolcha is severely wounded.
You barely miss Erolcha.
Erolcha is severely wounded.
You hit Erolcha but do no damage.
Erolcha is severely wounded.
Erolcha misses you.
You hit Erolcha but do no damage.
Erolcha is severely wounded.
You barely miss Erolcha.
Erolcha is severely wounded.
You hit Erolcha but do no damage.
Erolcha is almost dead.
Erolcha hits you with a giant club!!
You die...

#............
#............
##......).....
#####.............
#...(..O..........
#(#...#...........
#<#...####........
#.##..# #.####...
#@###..###.# ##.##
#O# ##..#..###.###
#.# #.##.##.## #
#.# .####### # #.#
# #.# # ###


You could see Erolcha.

Vanquished Creatures
  A human (D:7)
  A yak (D:7)
  2 hippogriffs
  2 slaves (D:8)
  4 orc warriors
  2 black bears
  2 phantoms
  An ogre (D:4)
  4 sky beasts
  A big kobold (D:8)
  2 centaurs
  3 giant frogs
  A wyvern zombie (D:7)
  6 killer bees
  A jelly (D:6)
  2 scorpions
  A goliath beetle (D:7)
  4 crimson imps
  A human zombie (D:8)
  2 hounds
  2 orc priests
  14 orc wizards
  Natasha (thrice) (D:5)
  2 iguanas
  5 worker ants
  3 sheep (D:7)
  3 hound skeletons
  7 adders
  8 gnolls
  3 giant mites
  A shadow imp (D:5)
  5 worms
  An adder skeleton (D:4)
  An ooze (D:3)
  38 orcs
  12 bats
  3 bat skeletons
  10 giant cockroaches
  10 goblins
  9 hobgoblins
  7 jackals
  5 quokkas
  2 ball pythons
  5 giant geckos
  4 giant newts
  19 kobolds
  14 rats
239 creatures vanquished.

Notes
Turn   | Place    | Note
--------------------------------------------------------------
     0 | D:1      | wojtek, the Kobold Assassin, began the quest for the Orb.
     0 | D:1      | Reached XP level 1. HP: 12/12 MP: 1/1
    52 | D:1      | Found a snail-covered altar of Cheibriados.
   233 | D:1      | Reached XP level 2. HP: 17/17 MP: 2/2
   802 | D:2      | Found a blossoming altar of Fedhas.
   818 | D:2      | Reached XP level 3. HP: 21/21 MP: 3/3
  1129 | D:2      | Reached skill level 5 in Short Blades
  1424 | D:1      | Reached XP level 4. HP: 8/26 MP: 4/4
  2486 | D:2      | Found a blossoming altar of Fedhas.
  2521 | D:2      | Reached skill level 6 in Short Blades
  2569 | D:2      | Reached XP level 5. HP: 24/30 MP: 5/5
  3360 | D:3      | Noticed a centaur
  3374 | D:3      | Killed a centaur
  3374 | D:3      | Reached skill level 7 in Short Blades
  3374 | D:3      | Reached XP level 6. HP: 3/35 MP: 6/6
  4125 | D:3      | Reached skill level 8 in Short Blades
  4834 | D:4      | Reached XP level 7. HP: 40/40 MP: 7/7
  4904 | D:4      | Noticed a sky beast
  4954 | D:4      | Killed a sky beast
  5463 | D:4      | Reached skill level 9 in Short Blades
  5770 | D:4      | Found a blossoming altar of Fedhas.
  5995 | D:5      | Entered Level 5 of the Dungeon
  6048 | D:5      | Reached XP level 8. HP: 40/48 MP: 8/8
  6564 | D:5      | Noticed Natasha
  7027 | D:5      | Killed Natasha
  7429 | D:5      | Found a staircase to the Ecumenical Temple.
  7440 | Temple   | Entered the Ecumenical Temple
  7450 | Temple   | Reached skill level 5 in Fighting
  7713 | Temple   | Reached skill level 13 in Short Blades
  7713 | Temple   | Reached XP level 9. HP: 52/60 MP: 9/9
  7992 | D:5      | Noticed Natasha
  7998 | D:5      | Killed Natasha
  8449 | D:5      | Found a staircase to the Ecumenical Temple.
  8463 | D:5      | Noticed Natasha
  8470 | D:5      | Killed Natasha
  9123 | D:6      | Reached skill level 10 in Dodging
  9152 | D:6      | Found a radiant altar of Vehumet.
  9153 | D:6      | Found a sparkling altar of Nemelex Xobeh.
  9989 | D:6      | Found a shimmering altar of Xom.
 10095 | D:6      | Got a faintly humming chain mail
 10150 | D:5      | Identified the +4 chain mail of the Pirate {MR- Dex+6} (You found it on level 6 of the Dungeon)
 10390 | D:6      | Reached XP level 10. HP: 67/67 MP: 10/10
 10623 | D:7      | Found a burning altar of Makhleb.
 10623 | D:7      | Noticed a green death
 10668 | D:7      | Noticed an orange demon
 10668 | D:7      | Noticed a smoke demon
 10670 | D:7      | Became a worshipper of Makhleb the Destroyer
 11197 | D:7      | Acquired Makhleb's first power
 11197 | D:7      | Reached skill level 10 in Fighting
 11197 | D:7      | Reached skill level 1 in Invocations
 12146 | D:8      | Acquired Makhleb's second power
 12160 | D:8      | Noticed Erolcha
 12205 | D:8      | Noticed LordHeini's ghost (experienced MiFi)
 12739 | D:9      | Found a staircase to the Lair.
 12792 | D:9      | Noticed Pikel
 13140 | D:8      | Slain by Erolcha

Action                   |  1- 3 |  4- 6 |  7- 9 | 10-12 || total
-------------------------+-------+-------+-------+-------++-------
Melee: Dagger            |    63 |   168 |   343 |   448 ||  1022
 Fire: Blowgun           |     7 |    17 |    21 |    15 ||    60
Evoke: Wand              |       |       |     2 |       ||     2
  Use: Scroll            |       |       |     9 |     2 ||    11
       Potion            |       |       |     1 |     1 ||     2
 Stab: Sleeping          |     9 |    10 |    17 |    10 ||    46
       Distracted        |     1 |     2 |     1 |     3 ||     7
  Eat: Chunk             |     9 |    11 |    16 |    10 ||    46
